 Dungeon Crawl Stone Soup version 0.20.1 (webtiles) character file.

106 polve the Slasher (level 4, 0/35 HPs)
             Began as a Demonspawn Berserker on July 2, 2017.
             Was a Believer of Trog.
             Killed by nerve-wracking pain
             ... invoked by Grinder
              (13 damage)
             ... on level 3 of the Dungeon.
             The game lasted 00:02:00 (3192 turns).

polve the Slasher (Demonspawn Berserker)            Turns: 3192, Time: 00:02:02

Health: 0/35       AC: 12    Str: 17    XL:     4   Next: 55%
Magic:  13/13      EV:  5    Int:  8    God:    Trog [**....]
Gold:   184        SH:  0    Dex: 14    Spells: 3/3 levels left

rFire    . . .     SeeInvis .   a - +0 falchion
rCold    . . .     Gourm    .   (no shield)
rNeg     . . .     Faith    .   g - +0 plate armour
rPois    .         Spirit   .   (no helmet)
rElec    .         Reflect  .   (no cloak)
rCorr    .         Harm     .   (no gloves)
MR       .....                  (no boots)
Stlth    ..........             (no amulet)
Regen    0.2/turn               m - ring of magical power
MPRegen  0.2/turn               (no ring)

@: berserk cooldown, slowed, very slow
A: slimy green scales 1
a: Berserk, Trog's Hand, Burn Spellbooks, Renounce Religion


You were on level 3 of the Dungeon.
You worshipped Trog.
Trog was pleased with you.
You were very hungry.

You visited 1 branch of the dungeon, and saw 3 of its levels.

You collected 184 gold pieces.

Inventory:

Hand Weapons
 a - a +0 falchion (weapon)
Armour
 g - a +0 plate armour (worn)
 i - a +1 hat
Jewellery
 m - a ring of magical power (left hand)
Scrolls
 b - a scroll of immolation {unknown}
 e - 2 scrolls of enchant armour {unknown}
 f - a scroll of noise {unknown}
 h - 2 scrolls of recharging {unknown}
 j - a scroll of identify {unknown}
 o - a scroll of enchant weapon {unknown}
 q - a scroll of teleportation {unknown}
Potions
 d - a potion of might {unknown}
 k - a potion of lignification
 l - 2 potions of degeneration {unknown}
 p - a potion of curing
Comestibles
 c - 2 bread rations
 n - a chunk of flesh


   Skills:
 - Level 3.0 Fighting
 + Level 4.9 Long Blades
 - Level 1.7 Armour
 - Level 1.7 Dodging


You had 3 spell levels left.
You didn't know any spells.

Dungeon Overview and Level Annotations

Branches:
Dungeon (3/15)

Altars:
Qazlal

Annotations:
D:3 Grinder


Innate Abilities, Weirdness & Mutations

You are partially covered in slimy green scales. (AC +2)


Message History

Grinder gestures at you. Pain shoots through your body!
* * * LOW HITPOINT WARNING * * *
Grinder blinks!
Found a stone staircase leading down.
Grinder gestures at you.
You suddenly lose the ability to move!
Grinder gestures at you. You resist with significant effort.
Grinder blinks!
You can move again.
Unknown command.
Unknown command.
Grinder gestures at you.
You barely resist. You miss Grinder.
Grinder is severely wounded.
Grinder gestures at you. Pain shoots through your body!
You die...

#......).....#.#
#...##########.# #..#
#.###### #$.####
#....... #.. >.###
######### #.. ...$ ..
#########.###.####...
#..................#
#.##.####..5@>.....#
#.#...###......###.#
#.........####.#
#.....#.....##...#
#..#.##.#)#.##.#...#
#..#.............###
#..####.#.#.##.. #
#..# #.........#
###..# ########..#


You could see Grinder.

Vanquished Creatures
  6 adders
  A worm (D:2)
  A dart slug (D:1)
  A leopard gecko (D:3)
  An orc (D:3)
  A ball python (D:1)
  7 bats
  5 giant cockroaches
  4 goblins
  5 hobgoblins
  9 kobolds
  2 frilled lizards
  3 rats
46 creatures vanquished.

Notes
Turn   | Place    | Note
-------+----------+-------------------------------------------
     0 | D:1      | polve the Demonspawn Berserker began the quest for the Orb.
     0 | D:1      | Reached XP level 1. HP: 18/18 MP: 1/1
   179 | D:1      | Reached skill level 3 in Long Blades
   295 | D:1      | Gained mutation: You are partially covered in slimy green scales. (AC +2) [demonic ancestry]
   295 | D:1      | Reached XP level 2. HP: 21/24 MP: 2/2
  1007 | D:2      | Found a stormy altar of Qazlal.
  1008 | D:2      | Noticed a fire elemental
  1011 | D:2      | Noticed a water elemental
  1011 | D:2      | Noticed an air elemental
  1011 | D:2      | Noticed an earth elemental
  1109 | D:2      | Reached ** piety under Trog
  1116 | D:2      | Reached XP level 3. HP: 29/29 MP: 3/3
  1272 | D:2      | Reached skill level 4 in Long Blades
  1322 | D:2      | HP: 2/43 [poisoned by an adder]
  2088 | D:2      | Reached XP level 4. HP: 25/35 MP: 4/4
  3152 | D:3      | Noticed Grinder
  3163 | D:3      | Paralysed by Grinder for 3 turns
  3173 | D:3      | Paralysed by Grinder for 7 turns
  3185 | D:3      | Paralysed by Grinder for 6 turns
  3192 | D:3      | Killed from afar by Grinder

Skill      XL: |  1  2  3 |
---------------+----------+-----
Long Blades    | 3 4 |  4.9
Fighting       | |  3.0
Armour         | |  1.7
Dodging        | |  1.7

Action                   |  1- 3 |  4- 6 || total
-------------------------+-------+-------++-------
Melee: Falchion          |   161 |    84 ||   245
Invok: Berserk           |       |     1 ||     1
  Use: Potion            |     2 |       ||     2
  Eat: Chunk             |     4 |     3 ||     7
Armor: Animal skin       |    15 |       ||    15
       Plate armour      |    86 |    48 ||   134
       Skin              |     9 |       ||     9
Dodge: Dodged            |    70 |    19 ||    89
       Rpst.: Falchion   |    22 |     5 ||    27
